 Dungeon Crawl Stone Soup version 0.27.0-1-g7a08968 (webtiles) character file.

Game seed: 15123599750172996515

2466 NeededCrab the Insei (level 9, -10/57 HPs)
             Began as an Octopode Transmuter on Oct 14, 2021.
             Was an Initiate of Gozag.
             Mangled by a two-headed ogre (27 damage)
             ... on level 6 of the Dungeon.
             The game lasted 00:20:28 (5977 turns).

NeededCrab the Insei (Octopode Transmuter)          Turns: 5977, Time: 00:20:28

Health: -10/57     AC:  2    Str: 10    XL:     9   Next: 50%
Magic:  11/16      EV: 23    Int: 18    God:    Gozag
Gold:   418        SH:  0    Dex: 17    Spells: 7/17 levels left

rFire    . . .     SeeInvis .     - Unarmed
rCold    . . .     Faith    .   (shield currently unavailable)
rNeg     . . .     Spirit   .   (helmet currently unavailable)
rPois    x         Reflect  .   m - amulet of regeneration
rElec    .         Harm     .   f - +4 ring of evasion
rCorr    .         Rampage  .   (no ring)
Will     .....                  (no ring)
Stlth    ++........             (no ring)
HPRegen  1.19/turn              (no ring)
MPRegen  0.15/turn              (no ring)
                                (no ring)
                                (no ring)

@: spider-form, wereblooded
A: venomous fangs, almost no armour, (amphibious), 8 rings, tiny, (camouflage
1), (gelatinous body 1), (nimble swimmer 1), (tentacles)
a: End Transformation, Renounce Religion, Potion Petition, Call Merchant, Bribe
Branch


You were on level 6 of the Dungeon.
You worshipped Gozag.
Gozag was aware of your devotion.
You were a venomous arachnid creature.
You visited 2 branches of the dungeon, and saw 7 of its levels.
You also visited: Ossuary.

You collected 514 gold pieces.
You paid 96 gold pieces to Gozag.

Inventory:

Magical Staves
 g - a staff of conjuration
Jewellery
 f - a +4 ring of evasion (left front leg)
 m - an amulet of regeneration (around neck)
 t - a ring of fire
Scrolls
 d - a scroll of enchant armour {unknown}
 e - 2 scrolls of magic mapping
 h - 3 scrolls of teleportation
 i - a scroll of summoning {unknown}
 j - 2 scrolls of enchant weapon {unknown}
 k - 3 scrolls of noise {unknown}
 l - 3 scrolls of amnesia
 q - 2 scrolls of fear {unknown}
 v - a scroll of silence {unknown}
 w - a scroll of acquirement {unknown}
 x - a scroll of immolation {unknown}
Potions
 a - a potion of might
 b - 2 potions of haste
 c - 3 potions of mutation
 n - a potion of invisibility
 o - 3 potions of curing
 p - 3 potions of berserk rage
 r - 2 potions of degeneration
 s - a potion of heal wounds {unknown}
 u - 2 potions of flight {unknown}
 z - a potion of magic {unknown}


   Skills:
 + Level 3.5 Fighting
 - Level 2.0 Dodging
 * Level 7.5 Unarmed Combat
 + Level 4.9 Spellcasting
 * Level 7.2 Transmutations
 - Level 3.0 Ice Magic
 - Level 4.0 Poison Magic


You had 7 spell levels left.
You knew the following spells:

 Your Spells              Type           Power      Damage    Failure   Level
a - Beastly Appendage     Tmut           60%        N/A       4%          1
b - Wereblood             Tmut           30%        N/A       5%          2
c - Spider Form           Tmut/Pois      12%        N/A       13%         3
d - Ice Form              Ice/Tmut       22%        N/A       34%         4

Your spell library contained the following spells:

 Spells                   Type           Power      Damage    Failure   Level
 Magic Dart               Conj           16%        1d3       32%         1
 Call Imp                 Summ           4%         N/A       41%         2
 Mephitic Cloud           Conj/Pois/Air  9%         N/A       45%         3
 Dazzling Flash           Conj/Hex       8%         N/A       61%         3
 Agony                    Necr           4%         N/A       99%         5
 Silence                  Hex/Air        2%         N/A       99%         5


Dungeon Overview and Level Annotations

Branches:
Dungeon (6/15)             Temple (1/1) D:5         Ossuary (visited)

Altars:
Dithmenos
Elyvilon
Gozag
Hepliaklqana
Kikubaaqudgha
Makhleb
Okawaru
Qazlal
Trog
Wu Jian
Zin
The Shining One

Shops:
D:2 ?   D:4 *

Annotations:
D:5 exclusions: downstairs and scorpion
D:6 exclusion: two-headed ogre


Innate Abilities, Weirdness & Mutations

You are a venomous arachnid creature.
You have poisonous fangs.
You are tiny and dextrous.
Your spellcasting is less reliable in this form.
Your armour is entirely melded.
You are incapable of wielding weapons or throwing items.
You cannot wear most types of armour.
((You are amphibious.))
You can wear up to eight rings at the same time.
((Your skin changes colour to match your surroundings (Stealth+).))
((Your rubbery body absorbs attacks. (AC +1, EV +1)))
((You are camouflaged near water. (Stealth+)))
((You have tentacles for arms and can constrict up to eight enemies at once.))


Message History

The lemure is almost dead.
You kill the lemure!
That felt strangely unrewarding.
You closely miss the lemure. You hit the lemure but do no damage.
The lemure is poisoned.
The lemure completely misses you.
You bite the lemure!
The lemure is heavily wounded.
The lemure misses you.
You hit the lemure.
The lemure looks as sick as possible!
The lemure is severely wounded.
Your transformation has ended.
The lemure hits you but does no damage.
You tentacle-slap the lemure but do no damage.
Your grab misses the lemure.
The lemure is severely wounded.
The lemure barely misses you.
Casting: Wereblood (safe; 1% risk of failure)
Confirm with . or Enter, or press ? or * to list all spells.
You turn into a venomous arachnid creature.
The lemure hits you!
You bite the lemure!
You kill the lemure!
That felt strangely unrewarding.
You hit the two-headed ogre but do no damage.
The two-headed ogre is poisoned.
The two-headed ogre hits you with a +0 giant spiked club!!
The two-headed ogre completely misses you.
You hit the two-headed ogre but do no damage.
The two-headed ogre looks even sicker.
You hit the two-headed ogre.
The two-headed ogre is lightly wounded.
The two-headed ogre misses you.
The two-headed ogre hits you with a +0 giant spiked club!
* * * LOW HITPOINT WARNING * * *
You hit the two-headed ogre.
The two-headed ogre is moderately wounded.
The two-headed ogre hits you with a +0 giant spiked club!!
You die...
Your body crumbles into a pile of gold.

#...# #.....#
##...#########.....#
#>...+.......'.....#
#....#####.###.....#
#.......##.#.....).#
#..........#.###..##
#.###...####.####.########.
#..........................
############s#####.########
#O# #..# #.# ##.## #.# #..#
..# ##.# ..# #.# ..# #.#
#### ...# #.## #... #..#
#...


You could see a two-headed ogre (very poisoned).

Vanquished Creatures
  4 yaks (D:5)
  A steam dragon (D:5)
  Duvessa (D:5)
  Purgy (D:4)
  An ice beast (D:6)
  2 ogres
  A centaur (D:6)
  4 lemures (D:6)
  A phantom (D:5)
  2 elf zombies (Ossuary)
  A water moccasin zombie (D:5)
  Dowan (D:5)
  3 hounds
  4 centaur zombies
  A jelly (D:5)
  A bullfrog zombie (D:5)
  A gnoll shaman (D:5)
  2 human zombies (Ossuary)
  2 orc priests
  A bullfrog skeleton (D:5)
  2 centaur skeletons
  Jessica (D:2)
  2 iguanas (D:5)
  A hound zombie (Ossuary)
  2 mummies (Ossuary)
  8 gnolls
  A howler monkey skeleton (D:5)
  5 adders
  5 adder zombies (Ossuary)
  2 adder skeletons (D:4)
  3 dart slugs
  14 orcs
  4 bats
  3 endoplasms
  4 giant cockroaches
  10 goblins
  13 hobgoblins
  4 jackals
  2 quokkas
  6 ball pythons
  4 frilled lizards
  2 goblin zombies (Ossuary)
  2 hobgoblin zombies (Ossuary)
  3 jackal zombies (Ossuary)
  7 kobolds
  4 kobold zombies (Ossuary)
  2 orc zombies (Ossuary)
  2 quokka zombies (Ossuary)
  7 rats
  3 rat zombies (Ossuary)
163 creatures vanquished.

Vanquished Creatures (others)
  A plant (D:5)
1 creature vanquished.

Grand Total: 164 creatures vanquished

Notes
Turn   | Place    | Note
-------+----------+-------------------------------------------
     0 | D:1      | NeededCrab the Octopode Transmuter began the quest for the
                  | Orb.
     0 | D:1      | Reached XP level 1. HP: 13/13 MP: 3/3
   511 | D:1      | Reached XP level 2. HP: 18/18 MP: 3/5
   594 | D:1      | Found a faded altar of an unknown god.
   697 | D:1      | Learned a level 2 spell: Wereblood
   994 | D:2      | Reached skill level 1 in Poison Magic
  1072 | D:2      | Reached XP level 3. HP: 23/23 MP: 4/6
  1076 | D:2      | Learned a level 3 spell: Spider Form
  1137 | D:2      | Noticed Jessica
  1143 | D:2      | Killed Jessica
  1524 | D:2      | Found Gacy Ymaith's Magic Scroll Boutique.
  1532 | D:2      | Reached XP level 4. HP: 28/28 MP: 7/7
  2303 | D:3      | Reached XP level 5. HP: 13/33 MP: 4/8
  2634 | D:3      | Found a stormy altar of Qazlal.
  2693 | D:3      | Found a hazy altar of Hepliaklqana.
  2888 | D:3      | Found an iron altar of Okawaru.
  2888 | D:3      | Found a bloodstained altar of Trog.
  3438 | D:4      | Found Imuipex's Assorted Antiques.
  3521 | D:4      | Reached XP level 6. HP: 35/38 MP: 8/10
  3542 | D:4      | Found a sand-covered staircase.
  3549 | Ossuary  | Entered an ossuary
  3686 | Ossuary  | Reached skill level 5 in Unarmed Combat
  3686 | Ossuary  | Reached XP level 7. HP: 36/43 MP: 11/11
  3807 | D:4      | Noticed Purgy
  3814 | D:4      | Killed Purgy
  3855 | D:4      | Identified the +0 cloak "Lovvik" {Harm Str-5 Int+4 Stlth+}
  3864 | D:4      | Reached skill level 5 in Transmutations
  4026 | D:4      | Found a glowing silver altar of Zin.
  4215 | D:4      | Identified the +7 spear "Mara" {vorpal, Str+2}
  4283 | D:4      | Learned a level 4 spell: Ice Form
  4284 | D:5      | Entered Level 5 of the Dungeon
  4342 | D:5      | Noticed a yak
  4343 | D:5      | Noticed a yak
  4354 | D:5      | Noticed a yak
  4360 | D:5      | Noticed a yak
  4363 | D:5      | Killed a yak
  4364 | D:5      | Reached XP level 8. HP: 48/48 MP: 6/13
  4369 | D:5      | Killed a yak
  4370 | D:5      | Reached skill level 1 in Ice Magic
  4373 | D:5      | Killed a yak
  4386 | D:5      | Killed a yak
  4559 | D:5      | Found a staircase to the Ecumenical Temple.
  4570 | Temple   | Entered the Ecumenical Temple
  4577 | Temple   | Became a worshipper of Gozag Ym Sagoz the Greedy
  4749 | D:5      | Noticed Dowan
  4764 | D:5      | Killed Dowan
  4765 | D:5      | Reached XP level 9. HP: 42/55 MP: 12/15
  4766 | D:5      | Noticed Duvessa
  4969 | D:5      | Killed Duvessa
  5573 | D:6      | Noticed a two-headed ogre
  5977 | D:6      | Mangled by a two-headed ogre

Illustrated notes

Levels and vault maps discovered:
D:1:      saegor_arrival_simple_a, layout_rooms,
          hellmonk_ecumenical_altar_leap_of_faith, minivault_5
D:2:      layout_basic, serial_shops, nicolae_diamond_shop,
          minmay_misc_feat_rows, minmay_fountain_box, uniq_jessica
D:3:      cheibrodos_greedy_goblins, layout_basic,
          grunt_temple_overflow_bloody_war, mainiacjoe_overflow_alcove_1,
          grunt_qazlal_clouds, wad_orctagon
D:4:      layout_cave_pools, lemuel_crystal_altar, serial_shops,
          nicolae_shop_behind_doors, enter_ossuary_2, minmay_misc_feat_square,
          st_stairs_10, abandoned_shop, uniq_purgy
D:5:      layout_basic, minmay_temple_entry_gardened_gates, minivault_5,
          bh_walls_and_bars, uniq_duvessa
D:6:      layout_basic, kennysheep_dice, uniq_pikel
Temple:   cyrus_circular_temple

Skill      XL: |  1  2  3  4  5  6  7  8  9 |
---------------+----------------------------+-----
Poison Magic   | 1 2 3 4 |  4.0
Transmutations | 3 4 5 6 7 |  7.2
Unarmed Combat | 4 5 6 7 |  7.5
Spellcasting   | 3 4 |  4.9
Ice Magic      | 2 3 |  3.0
Fighting       | 2 3 |  3.5
Dodging        | |  2.0

Action                   |  1- 3 |  4- 6 |  7- 9 || total
-------------------------+-------+-------+-------++-------
Melee: Unarmed           |    47 |   188 |   245 ||   480
       Constrict         |    15 |    58 |    17 ||    90
       Tentacles         |    10 |    42 |    19 ||    71
       Kick              |    14 |    45 |    19 ||    78
       Punch             |       |     4 |     4 ||     8
 Cast: Beastly Appendage |    21 |    30 |    13 ||    64
       Wereblood         |       |    11 |     9 ||    20
       Spider Form       |       |     1 |    24 ||    25
  Use: Scroll            |       |     1 |     8 ||     9
 Stab: Sleeping          |     5 |     2 |     1 ||     8
       Distracted        |       |       |     2 ||     2
Armor: Skin              |     1 |     7 |    13 ||    21
Dodge: Dodged            |    26 |   124 |   168 ||   318
